Stars vs Predators

Created - 4 janvier 2018 at 22:38

Goals
1 2 3 T
Stars 0 3 1 4
Predators 1 0 0 1
Shots
1 2 3 T
Stars 5 19 12 36
Predators 10 7 9 26

1st period

1. Predators , Jaden Schwartz 15 (J.T. Miller 17, Steven Stamkos 15) at 1:20

Penalties :
No Penalty

2nd period

2. Stars , John Mitchell 2 (Devin Shore 5, Sidney Crosby 13) at 4:37
3. Stars , Tommy Wingels 3 (Devin Shore 6, Jason Demers 14) at 5:13
4. Stars , Jonathan Huberdeau 8 (Jakub Voracek 11, Nikita Nesterov 2) at 17:29

Penalties :
Oscar Klefbom (NSH) for Hooking (Minor) at 2:34, Michael Bournival (DAL) for Cross-checking (Minor) at 2:34, Elias Lindholm (NSH) for Roughing (Minor) at 8:59, Klas Dahlbeck (NSH) for Cross-checking (Minor) at 11:57, Paul Byron (DAL) for Tripping (Minor) at 11:57, Oscar Klefbom (NSH) for Hooking (Minor) at 15:29

3rd period

5. Stars , Jason Demers 3 (John Mitchell 1, Tommy Wingels 6) at 2:50

Penalties :
Roman Josi (NSH) for Hooking (Minor) at 12:57

Goalie Stats

Jonathan Quick (DAL), 25 saves from 26 shots - (0.962), W, 16-11-5, 60:00 minutes
Pekka Rinne (NSH), 32 saves from 36 shots - (0.889), L, 16-10-3, 60:00 minutes

Players Stats for Stars

Player Name              G  A  P  +/- PIM S  H  SB GA TA FO     MP     PP MP  PK MP  
------------------------------------------------------------------------------------
Devin Shore              0  2  2   3  0   1  0  0  0  0  8/16   14:29   0:28   0:00 
Duncan Keith             0  0  0  -1  0   4  0  3  0  0  0/0    22:20   3:11   0:00 
Jakub Voracek            0  1  1   0  0   1  1  1  0  0  2/3    20:08   3:35   0:00 
Jason Demers             1  1  2   4  0   2  0  0  0  0  0/0    12:02   0:00   0:00 
Joel Vermin              0  0  0   1  0   0  0  0  0  0  0/1     6:37   0:00   0:00 
John Klingberg           0  0  0  -1  0   2  1  1  0  0  0/0    21:13   2:18   0:00 
John Mitchell            1  1  2   3  0   1  3  0  0  0  1/1    14:01   0:00   0:00 
Jonathan Huberdeau       1  0  1   0  0   4  1  0  0  0  0/0    18:00   3:35   0:00 
Michael Bournival        0  0  0   1  2   1  0  0  0  0  0/0     6:36   0:00   0:00 
Nikita Nesterov          0  1  1   4  0   2  1  0  0  0  0/0    12:30   0:28   0:00 
Paul Byron               0  0  0  -1  2   2  0  0  0  0  0/0    17:23   2:22   0:00 
Paul Stastny             0  0  0  -1  0   2  2  0  0  0  10/18  19:10   2:40   0:00 
Sidney Crosby            0  1  1   1  0   2  1  0  0  0  17/36  26:17   2:49   0:00 
Tommy Wingels            1  1  2   3  0   3  1  0  0  0  0/0    14:01   0:00   0:00 
Tyler Gaudet             0  0  0   0  0   0  0  0  0  0  0/0     0:00   0:00   0:00 
Victor Hedman            0  0  0   0  0   5  0  1  0  0  0/0    26:45   3:39   0:00 
William Nylander         0  0  0  -1  0   3  0  0  0  0  0/1    19:18   2:22   0:00 
Zdeno Chara              0  0  0   0  0   1  2  4  0  0  0/0    25:10   2:18   0:00 

Players Stats for Predators

Player Name              G  A  P  +/- PIM S  H  SB GA TA FO     MP     PP MP  PK MP  
------------------------------------------------------------------------------------
Chris Kelly              0  0  0   0  0   0  0  0  0  0  3/8     6:28   0:00   0:54 
Colton Sissons           0  0  0   0  0   0  0  0  0  0  1/3     5:34   0:00   0:00 
Connor Murphy            0  0  0   1  0   1  3  1  0  0  0/0    20:42   0:00   3:23 
Elias Lindholm           0  0  0  -2  2   0  0  0  0  0  0/0    13:12   0:00   0:00 
J.T. Miller              0  1  1  -1  0   0  1  0  0  0  0/1    18:47   0:00   1:51 
Jaden Schwartz           1  0  1  -1  0   4  0  0  0  0  1/1    16:32   0:00   0:00 
John Moore               0  0  0   0  0   0  0  0  0  0  0/0     1:43   0:00   0:43 
Kevin Hayes              0  0  0   0  0   2  1  0  0  0  0/1    15:15   0:00   0:00 
Klas Dahlbeck            0  0  0  -1  2   0  2  1  0  0  0/0    17:44   0:00   1:36 
Max Pacioretty           0  0  0   0  0   5  1  0  0  0  0/1    22:30   0:00   4:06 
Nick Leddy               0  0  0   1  0   1  0  1  0  0  0/0    23:03   0:00   3:01 
Nicklas Backstrom        0  0  0   0  0   5  1  1  0  0  12/20  19:54   0:00   1:34 
Nikita Zadorov           0  0  0  -1  0   0  4  1  0  0  0/0    12:20   0:00   0:00 
Oscar Klefbom            0  0  0  -3  4   1  3  1  0  0  0/0    21:01   0:00   1:11 
Roman Josi               0  0  0  -3  2   3  3  0  0  0  0/0    23:23   0:00   2:00 
Steven Stamkos           0  1  1  -1  0   4  1  1  0  0  15/27  20:25   0:00   3:29 
Vincent Trocheck         0  0  0  -2  0   0  0  1  0  0  4/12   13:13   0:00   0:00 
Vladislav Namestnikov    0  0  0  -2  0   0  0  0  0  0  2/2    18:14   0:00   0:00 

3 Stars

1 - John Mitchell (DAL)
2 - Jason Demers (DAL)
3 - Tommy Wingels (DAL)

Power Play

Stars - 0 on 3 Attempt(s) - 0.00%
Predators - 0 on 0 Attempt(s) - 0.00%

Penalty Kill

Stars - 0 on 0 Attempt(s) - 0.00% - Score 0 goal in Penalty Kill
Predators - 3 on 3 Attempt(s) - 100.00% - Score 0 goal in Penalty Kill

Team Stat

Stars - Hits : 13 - Faceoff Wins : 38 - Blocked Shots : 10 - Penalty Minutes : 4
Predators - Hits : 20 - Faceoff Wins : 38 - Blocked Shots : 8 - Penalty Minutes : 10

Official

Referees : Dave Lewis and Kevin Pollock
Linesman : Bryan Pancich and Pierre Racicot

Game Notes

No Game Note

Finance

Level 1 -- Attendance: 6025 (92.69%) -- Ticket Income 602 500 $
Level 2 -- Attendance: 4368 (87.36%) -- Ticket Income 336 336 $
Level 3 -- Attendance: 3120 (89.14%) -- Ticket Income 180 960 $
Level 4 -- Attendance: 1113 (100.00%) -- Ticket Income 46 746 $
Luxury Box -- Attendance: 975 (97.50%) -- Ticket Income 180 375 $
Game was played at the Bridgestone Arena.
Total Attendance: 15601 (91.16%)
Total Ticket Income: 1 346 917 $
Other Income: 202 038 $
Total Income: 1 548 955 $

% Time on Ice - Stars

Lines # - Real PCT - Wanted PCT - Time Play
Normal Forward
1 - 29% - 40% - 14:25
2 - 30% - 30% - 15:02
3 - 28% - 20% - 14:01
4 - 13% - 10% - 6:37
Normal Defense
1 - 38% - 40% - 19:00
2 - 34% - 30% - 17:11
3 - 24% - 20% - 12:02
4 - 4% - 10% - 1:52
PP Forward
1 - 60% - 60% - 3:35
2 - 40% - 40% - 2:22
PP Defense
1 - 61% - 60% - 3:39
2 - 39% - 40% - 2:18
PK Forward
1 - 0% - 60%
2 - 0% - 40%
PK Defense
1 - 0% - 60%
2 - 0% - 40%
PK3 Forward
1 - 0% - 60%
2 - 0% - 40%
PK3 Defense
1 - 0% - 60%
2 - 0% - 40%
44 Forward
1 - 48% - 60% - 1:54
2 - 52% - 40% - 2:04
44 Defense
1 - 50% - 60% - 1:58
2 - 50% - 40% - 2:00
Last Minute Offensive  - 0:00
Last Minute Defensive  - 0:00
Total
Forward - 60:00
Defense - 60:00

% Time on Ice - Predators

Lines # - Real PCT - Wanted PCT - Time Play
Normal Forward
1 - 30% - 33% - 15:15
2 - 32% - 32% - 16:03
3 - 26% - 25% - 13:13
4 - 11% - 10% - 5:34
Normal Defense
1 - 38% - 40% - 19:09
2 - 30% - 30% - 14:47
3 - 24% - 20% - 12:10
4 - 8% - 10% - 3:59
PP Forward
1 - 0% - 60%
2 - 0% - 40%
PP Defense
1 - 0% - 60%
2 - 0% - 40%
PK Forward
1 - 74% - 60% - 4:23
2 - 26% - 40% - 1:34
PK Defense
1 - 58% - 60% - 3:27
2 - 42% - 40% - 2:30
PK3 Forward
1 - 0% - 60%
2 - 0% - 40%
PK3 Defense
1 - 0% - 60%
2 - 0% - 40%
44 Forward
1 - 78% - 60% - 3:05
2 - 22% - 40% - 0:53
44 Defense
1 - 36% - 60% - 1:26
2 - 64% - 40% - 2:32
Last Minute Offensive  - 0:00
Last Minute Defensive  - 0:00
Total
Forward - 60:00
Defense - 60:00

Play by Play

1st period


0:01 of 1st period - Nicklas Backstrom wins face-off versus Sidney Crosby in neutral zone.
0:19 of 1st period - Shot by Jakub Voracek.
0:19 of 1st period - Shot Misses the Net.
0:43 of 1st period - Shot by Jonathan Huberdeau.
0:43 of 1st period - Stopped by Pekka Rinne without a rebound.
0:44 of 1st period - Steven Stamkos wins face-off versus Paul Stastny in Predators zone.
0:59 of 1st period - Shot by J.T. Miller.
0:59 of 1st period - Shot Misses the Net.
1:18 of 1st period - Shot by J.T. Miller.
1:18 of 1st period - Shot Misses the Net.
1:20 of 1st period - Shot by Jaden Schwartz.
1:20 of 1st period - Goal by Jaden Schwartz - Stars : 0 - Predators : 1.
1:21 of 1st period - Vincent Trocheck wins face-off versus Devin Shore in neutral zone.
2:21 of 1st period - Shot by Victor Hedman.
2:21 of 1st period - Shot Blocked by Oscar Klefbom.
3:55 of 1st period - Nick Leddy is hit by John Mitchell and loses puck.
4:06 of 1st period - Shot by Nikita Nesterov.
4:06 of 1st period - Stopped by Pekka Rinne with a rebound.
4:08 of 1st period - Shot by Jason Demers.
4:08 of 1st period - Shot Misses the Net.
4:21 of 1st period - Icing by Nick Leddy.
4:22 of 1st period - Steven Stamkos wins face-off versus Sidney Crosby in Predators zone.
4:42 of 1st period - Shot by Jakub Voracek.
4:42 of 1st period - Shot Misses the Net.
4:48 of 1st period - Zdeno Chara is hit by Steven Stamkos and loses puck.
5:23 of 1st period - Colton Sissons is hit by Paul Stastny.
5:38 of 1st period - Off-side.
5:39 of 1st period - Nicklas Backstrom wins face-off versus Devin Shore in neutral zone.
5:39 of 1st period - Max Pacioretty is hit by Tommy Wingels and loses puck.
6:07 of 1st period - Kevin Hayes is hit by John Mitchell and loses puck.
6:58 of 1st period - Icing by Jason Demers.
6:59 of 1st period - Devin Shore wins face-off versus Chris Kelly in Stars zone.
7:03 of 1st period - Off-side.
7:04 of 1st period - Sidney Crosby wins face-off versus Vincent Trocheck in neutral zone.
7:31 of 1st period - Shot by Sidney Crosby.
7:31 of 1st period - Stopped by Pekka Rinne with a rebound.
7:46 of 1st period - Jonathan Huberdeau is hit by Kevin Hayes and loses puck.
9:15 of 1st period - Shot by Chris Kelly.
9:15 of 1st period - Shot Misses the Net.
9:17 of 1st period - Shot by Roman Josi.
9:17 of 1st period - Stopped by Jonathan Quick without a rebound.
9:18 of 1st period - Vincent Trocheck wins face-off versus Sidney Crosby in Stars zone.
9:41 of 1st period - Shot by Vladislav Namestnikov.
9:41 of 1st period - Shot Misses the Net.
10:17 of 1st period - Shot by Max Pacioretty.
10:17 of 1st period - Deflect By Nicklas Backstrom.
10:17 of 1st period - Stopped by Jonathan Quick without a rebound.
10:18 of 1st period - Steven Stamkos wins face-off versus Devin Shore in Stars zone.
10:44 of 1st period - Devin Shore is hit by Roman Josi and loses puck.
10:50 of 1st period - Tommy Wingels is hit by Oscar Klefbom and loses puck.
11:27 of 1st period - Shot by Paul Stastny.
11:27 of 1st period - Stopped by Pekka Rinne without a rebound.
11:28 of 1st period - Vincent Trocheck wins face-off versus Paul Stastny in Predators zone.
11:28 of 1st period - Vincent Trocheck is hit by Paul Stastny.
11:31 of 1st period - Icing by Elias Lindholm.
11:32 of 1st period - Sidney Crosby wins face-off versus Vincent Trocheck in Predators zone.
11:32 of 1st period - Sidney Crosby is hit by Nikita Zadorov.
11:34 of 1st period - Shot by Jakub Voracek.
11:34 of 1st period - Deflect By Jonathan Huberdeau.
11:34 of 1st period - Shot Misses the Net.
12:52 of 1st period - Icing by Duncan Keith.
12:53 of 1st period - Paul Stastny wins face-off versus Steven Stamkos in Stars zone.
13:12 of 1st period - Shot by Tommy Wingels.
13:12 of 1st period - Deflect By Devin Shore.
13:12 of 1st period - Shot Misses the Net.
13:48 of 1st period - Oscar Klefbom is hit by Jakub Voracek and loses puck.
14:08 of 1st period - Off-side.
14:09 of 1st period - Nicklas Backstrom wins face-off versus Sidney Crosby in neutral zone.
14:16 of 1st period - Shot by Nicklas Backstrom.
14:16 of 1st period - Shot Blocked by Duncan Keith.
15:04 of 1st period - Shot by Paul Byron.
15:04 of 1st period - Shot Misses the Net.
15:59 of 1st period - Shot by Devin Shore.
15:59 of 1st period - Shot Misses the Net.
16:03 of 1st period - Shot by Devin Shore.
16:03 of 1st period - Shot Misses the Net.
16:05 of 1st period - Shot by Tommy Wingels.
16:05 of 1st period - Stopped by Pekka Rinne with a rebound.
16:29 of 1st period - Shot by Steven Stamkos.
16:29 of 1st period - Shot Misses the Net.
16:31 of 1st period - Shot by Roman Josi.
16:31 of 1st period - Shot Blocked by Duncan Keith.
17:15 of 1st period - Victor Hedman is hit by Connor Murphy.
17:33 of 1st period - Shot by Kevin Hayes.
17:33 of 1st period - Deflect By Nicklas Backstrom.
17:33 of 1st period - Stopped by Jonathan Quick without a rebound.
17:34 of 1st period - Chris Kelly wins face-off versus Jakub Voracek in Stars zone.
17:37 of 1st period - Shot by Max Pacioretty.
17:37 of 1st period - Stopped by Jonathan Quick without a rebound.
17:38 of 1st period - Nicklas Backstrom wins face-off versus Devin Shore in Stars zone.
17:43 of 1st period - Shot by Max Pacioretty.
17:43 of 1st period - Stopped by Jonathan Quick without a rebound.
17:44 of 1st period - Devin Shore wins face-off versus Steven Stamkos in Stars zone.
18:13 of 1st period - Shot by Steven Stamkos.
18:13 of 1st period - Stopped by Jonathan Quick without a rebound.
18:14 of 1st period - Nicklas Backstrom wins face-off versus Sidney Crosby in Stars zone.
18:17 of 1st period - Shot by Kevin Hayes.
18:17 of 1st period - Stopped by Jonathan Quick with a rebound.
18:19 of 1st period - Shot by Connor Murphy.
18:19 of 1st period - Stopped by Jonathan Quick without a rebound.
18:20 of 1st period - Sidney Crosby wins face-off versus Nicklas Backstrom in Stars zone.
18:31 of 1st period - Off-side.
18:32 of 1st period - Chris Kelly wins face-off versus Paul Stastny in neutral zone.
18:34 of 1st period - Off-side.
18:35 of 1st period - Sidney Crosby wins face-off versus Colton Sissons in neutral zone.
19:44 of 1st period - Max Pacioretty is hit by John Klingberg and loses puck.
19:51 of 1st period - Shot by Max Pacioretty.
19:51 of 1st period - Shot Blocked by Duncan Keith.
19:53 of 1st period - Shot by Oscar Klefbom.
19:53 of 1st period - Shot Misses the Net.
19:59 of 1st period - Shot by Kevin Hayes.
19:59 of 1st period - Stopped by Jonathan Quick without a rebound.
Goals for this period are 0 for Stars vs 1 for Predators.
Shots for this period are 5 for Stars vs 10 for Predators.

2nd period


0:01 of 2nd period - Vincent Trocheck wins face-off versus Sidney Crosby in neutral zone.
0:40 of 2nd period - Shot by Jonathan Huberdeau.
0:40 of 2nd period - Shot Misses the Net.
0:52 of 2nd period - Shot by William Nylander.
0:52 of 2nd period - Stopped by Pekka Rinne with a rebound.
0:56 of 2nd period - Shot by Paul Stastny.
0:56 of 2nd period - Shot Misses the Net.
0:58 of 2nd period - Shot by Duncan Keith.
0:58 of 2nd period - Shot Misses the Net.
1:00 of 2nd period - Shot by William Nylander.
1:00 of 2nd period - Stopped by Pekka Rinne with a rebound.
1:40 of 2nd period - Tommy Wingels is hit by Klas Dahlbeck and loses puck.
2:34 of 2nd period - Minor Penalty to Oscar Klefbom for Hooking.
2:34 of 2nd period - Minor Penalty to Michael Bournival for Cross-checking.
2:35 of 2nd period - Nicklas Backstrom wins face-off versus Sidney Crosby in Predators zone.
2:37 of 2nd period - Icing by Max Pacioretty.
2:38 of 2nd period - Nicklas Backstrom wins face-off versus Sidney Crosby in Predators zone.
2:51 of 2nd period - Shot by Max Pacioretty.
2:51 of 2nd period - Stopped by Jonathan Quick with a rebound.
3:01 of 2nd period - Shot by Nicklas Backstrom.
3:01 of 2nd period - Stopped by Jonathan Quick without a rebound.
3:02 of 2nd period - Sidney Crosby wins face-off versus Nicklas Backstrom in Stars zone.
3:23 of 2nd period - Shot by Roman Josi.
3:23 of 2nd period - Stopped by Jonathan Quick without a rebound.
3:24 of 2nd period - Jakub Voracek wins face-off versus Nicklas Backstrom in Stars zone.
4:37 of 2nd period - Shot by Devin Shore.
4:37 of 2nd period - Deflect By John Mitchell.
4:37 of 2nd period - Goal by John Mitchell - Stars : 1 - Predators : 1.
4:38 of 2nd period - Steven Stamkos wins face-off versus Devin Shore in neutral zone.
4:38 of 2nd period - Roman Josi is hit by John Mitchell and loses puck.
4:44 of 2nd period - Icing by Jason Demers.
4:45 of 2nd period - Jaden Schwartz wins face-off versus Devin Shore in Stars zone.
4:45 of 2nd period - Jaden Schwartz is hit by Nikita Nesterov.
5:07 of 2nd period - Shot by Devin Shore.
5:07 of 2nd period - Shot Misses the Net.
5:11 of 2nd period - Shot by Devin Shore.
5:11 of 2nd period - Shot Blocked by Steven Stamkos.
5:13 of 2nd period - Shot by Tommy Wingels.
5:13 of 2nd period - Goal by Tommy Wingels - Stars : 2 - Predators : 1.
5:14 of 2nd period - Sidney Crosby wins face-off versus Chris Kelly in neutral zone.
5:28 of 2nd period - Shot by Sidney Crosby.
5:28 of 2nd period - Stopped by Pekka Rinne with a rebound.
5:30 of 2nd period - Shot by Jonathan Huberdeau.
5:30 of 2nd period - Stopped by Pekka Rinne without a rebound.
5:31 of 2nd period - Paul Stastny wins face-off versus Steven Stamkos in Predators zone.
5:54 of 2nd period - Shot by Paul Stastny.
5:54 of 2nd period - Shot Misses the Net.
6:17 of 2nd period - Icing by Nicklas Backstrom.
6:18 of 2nd period - Nicklas Backstrom wins face-off versus Sidney Crosby in Predators zone.
6:18 of 2nd period - Nicklas Backstrom is hit by Jonathan Huberdeau.
6:42 of 2nd period - Icing by Sidney Crosby.
6:43 of 2nd period - Sidney Crosby wins face-off versus Chris Kelly in Stars zone.
7:17 of 2nd period - Icing by Klas Dahlbeck.
7:18 of 2nd period - Paul Stastny wins face-off versus Colton Sissons in Predators zone.
7:21 of 2nd period - Shot by William Nylander.
7:21 of 2nd period - Shot Hit the Post.
7:23 of 2nd period - Shot by Duncan Keith.
7:23 of 2nd period - Shot Misses the Net.
7:25 of 2nd period - Shot by William Nylander.
7:25 of 2nd period - Shot Misses the Net.
7:27 of 2nd period - Shot by Duncan Keith.
7:27 of 2nd period - Stopped by Pekka Rinne without a rebound.
7:28 of 2nd period - Devin Shore wins face-off versus Nicklas Backstrom in Predators zone.
8:50 of 2nd period - Shot by William Nylander.
8:50 of 2nd period - Stopped by Pekka Rinne with a rebound.
8:58 of 2nd period - Shot by Jaden Schwartz.
8:58 of 2nd period - Stopped by Jonathan Quick without a rebound.
8:59 of 2nd period - Sidney Crosby wins face-off versus Vincent Trocheck in Stars zone.
8:59 of 2nd period - Minor Penalty to Elias Lindholm for Roughing.
9:00 of 2nd period - Steven Stamkos wins face-off versus Sidney Crosby in Predators zone.
9:29 of 2nd period - Shot by Victor Hedman.
9:29 of 2nd period - Stopped by Pekka Rinne without a rebound.
9:30 of 2nd period - Steven Stamkos wins face-off versus William Nylander in Predators zone.
9:53 of 2nd period - Shot by Paul Stastny.
9:53 of 2nd period - Shot Blocked by Nicklas Backstrom.
9:55 of 2nd period - Shot by Zdeno Chara.
9:55 of 2nd period - Stopped by Pekka Rinne without a rebound.
9:56 of 2nd period - Steven Stamkos wins face-off versus Sidney Crosby in Predators zone.
9:56 of 2nd period - Steven Stamkos is hit by Sidney Crosby.
10:08 of 2nd period - Shot by Victor Hedman.
10:08 of 2nd period - Stopped by Pekka Rinne without a rebound.
10:09 of 2nd period - Jakub Voracek wins face-off versus Steven Stamkos in Predators zone.
10:10 of 2nd period - Shot by John Klingberg.
10:10 of 2nd period - Shot Blocked by Connor Murphy.
10:38 of 2nd period - Shot by Jonathan Huberdeau.
10:38 of 2nd period - Stopped by Pekka Rinne without a rebound.
10:39 of 2nd period - Paul Stastny wins face-off versus J.T. Miller in Predators zone.
11:06 of 2nd period - Shot by Devin Shore.
11:06 of 2nd period - Stopped by Pekka Rinne without a rebound.
11:07 of 2nd period - Sidney Crosby wins face-off versus Vincent Trocheck in Predators zone.
11:07 of 2nd period - Sidney Crosby is hit by Nikita Zadorov.
11:12 of 2nd period - Sidney Crosby is hit by Nikita Zadorov and loses puck.
11:54 of 2nd period - Paul Stastny is hit by Nikita Zadorov.
11:57 of 2nd period - Minor Penalty to Klas Dahlbeck for Cross-checking.
11:57 of 2nd period - Minor Penalty to Paul Byron for Tripping.
11:58 of 2nd period - Sidney Crosby wins face-off versus Max Pacioretty in Predators zone.
12:58 of 2nd period - Shot by Jakub Voracek.
12:58 of 2nd period - Deflect By Paul Stastny.
12:58 of 2nd period - Stopped by Pekka Rinne with a rebound.
13:25 of 2nd period - Shot by Oscar Klefbom.
13:25 of 2nd period - Shot Blocked by Jakub Voracek.
13:46 of 2nd period - Shot by Max Pacioretty.
13:46 of 2nd period - Shot Blocked by Zdeno Chara.
14:09 of 2nd period - Shot by Devin Shore.
14:09 of 2nd period - Shot Misses the Net.
14:47 of 2nd period - Shot by Steven Stamkos.
14:47 of 2nd period - Stopped by Jonathan Quick with a rebound.
14:49 of 2nd period - Shot by Jaden Schwartz.
14:49 of 2nd period - Stopped by Jonathan Quick without a rebound.
14:50 of 2nd period - Steven Stamkos wins face-off versus Sidney Crosby in Stars zone.
14:57 of 2nd period - Shot by Jaden Schwartz.
14:57 of 2nd period - Shot Misses the Net.
14:59 of 2nd period - Shot by Steven Stamkos.
14:59 of 2nd period - Shot Blocked by John Klingberg.
15:27 of 2nd period - William Nylander is hit by Oscar Klefbom and loses puck.
15:29 of 2nd period - Minor Penalty to Oscar Klefbom for Hooking.
15:30 of 2nd period - Steven Stamkos wins face-off versus Paul Stastny in Predators zone.
15:47 of 2nd period - Shot by Victor Hedman.
15:47 of 2nd period - Stopped by Pekka Rinne without a rebound.
15:48 of 2nd period - Sidney Crosby wins face-off versus Steven Stamkos in Predators zone.
15:53 of 2nd period - Shot by Jonathan Huberdeau.
15:53 of 2nd period - Shot Misses the Net.
15:55 of 2nd period - Shot by Victor Hedman.
15:55 of 2nd period - Shot Misses the Net.
16:01 of 2nd period - Shot by Jonathan Huberdeau.
16:01 of 2nd period - Shot Misses the Net.
16:17 of 2nd period - Shot by Jonathan Huberdeau.
16:17 of 2nd period - Deflect By Jakub Voracek.
16:17 of 2nd period - Stopped by Pekka Rinne with a rebound.
17:27 of 2nd period - Shot by Jakub Voracek.
17:27 of 2nd period - Shot Blocked by Klas Dahlbeck.
17:29 of 2nd period - Shot by Jonathan Huberdeau.
17:29 of 2nd period - Goal by Jonathan Huberdeau - Stars : 3 - Predators : 1.
17:30 of 2nd period - Vladislav Namestnikov wins face-off versus Sidney Crosby in neutral zone.
17:35 of 2nd period - Shot by Roman Josi.
17:35 of 2nd period - Stopped by Jonathan Quick without a rebound.
17:36 of 2nd period - John Mitchell wins face-off versus Vincent Trocheck in Stars zone.
17:49 of 2nd period - Vincent Trocheck is hit by Zdeno Chara and loses puck.
18:27 of 2nd period - Icing by J.T. Miller.
18:28 of 2nd period - Steven Stamkos wins face-off versus Paul Stastny in Predators zone.
19:33 of 2nd period - Shot by Nicklas Backstrom.
19:33 of 2nd period - Shot Misses the Net.
19:44 of 2nd period - Shot by Jakub Voracek.
19:44 of 2nd period - Shot Misses the Net.
19:46 of 2nd period - Shot by Jason Demers.
19:46 of 2nd period - Stopped by Pekka Rinne with a rebound.
19:48 of 2nd period - Shot by Nikita Nesterov.
19:48 of 2nd period - Stopped by Pekka Rinne without a rebound.
19:49 of 2nd period - Colton Sissons wins face-off versus Devin Shore in Predators zone.
Goals for this period are 3 for Stars vs 0 for Predators.
Shots for this period are 19 for Stars vs 7 for Predators.

3rd period


0:01 of 3rd period - Sidney Crosby wins face-off versus Nicklas Backstrom in neutral zone.
0:12 of 3rd period - Shot by Max Pacioretty.
0:12 of 3rd period - Stopped by Jonathan Quick without a rebound.
0:13 of 3rd period - Steven Stamkos wins face-off versus Paul Stastny in Stars zone.
0:36 of 3rd period - Shot by William Nylander.
0:36 of 3rd period - Deflect By Paul Byron.
0:36 of 3rd period - Stopped by Pekka Rinne without a rebound.
0:37 of 3rd period - Nicklas Backstrom wins face-off versus Sidney Crosby in Predators zone.
0:45 of 3rd period - Jakub Voracek is hit by Max Pacioretty and loses puck.
1:13 of 3rd period - Icing by Zdeno Chara.
1:14 of 3rd period - Steven Stamkos wins face-off versus Sidney Crosby in Stars zone.
1:37 of 3rd period - Shot by Jaden Schwartz.
1:37 of 3rd period - Shot Blocked by Zdeno Chara.
1:44 of 3rd period - Icing by Victor Hedman.
1:45 of 3rd period - Sidney Crosby wins face-off versus Vincent Trocheck in Stars zone.
2:18 of 3rd period - Shot by Paul Byron.
2:18 of 3rd period - Shot Misses the Net.
2:44 of 3rd period - Shot by Tommy Wingels.
2:44 of 3rd period - Shot Misses the Net.
2:46 of 3rd period - Shot by Tommy Wingels.
2:46 of 3rd period - Shot Misses the Net.
2:48 of 3rd period - Shot by John Mitchell.
2:48 of 3rd period - Shot Blocked by Nikita Zadorov.
2:50 of 3rd period - Shot by Jason Demers.
2:50 of 3rd period - Goal by Jason Demers - Stars : 4 - Predators : 1.
2:51 of 3rd period - Nicklas Backstrom wins face-off versus Joel Vermin in neutral zone.
3:27 of 3rd period - Shot by Nicklas Backstrom.
3:27 of 3rd period - Shot Misses the Net.
3:29 of 3rd period - Shot by Oscar Klefbom.
3:29 of 3rd period - Stopped by Jonathan Quick without a rebound.
3:30 of 3rd period - Devin Shore wins face-off versus Steven Stamkos in Stars zone.
3:40 of 3rd period - Icing by Jaden Schwartz.
3:41 of 3rd period - Steven Stamkos wins face-off versus Paul Stastny in Predators zone.
3:47 of 3rd period - J.T. Miller is hit by Zdeno Chara.
3:49 of 3rd period - Shot by Steven Stamkos.
3:49 of 3rd period - Stopped by Jonathan Quick without a rebound.
3:50 of 3rd period - Devin Shore wins face-off versus Steven Stamkos in Stars zone.
4:03 of 3rd period - Shot by Tommy Wingels.
4:03 of 3rd period - Deflect By Devin Shore.
4:03 of 3rd period - Shot Misses the Net.
4:05 of 3rd period - Shot by Victor Hedman.
4:05 of 3rd period - Stopped by Pekka Rinne without a rebound.
4:06 of 3rd period - Sidney Crosby wins face-off versus Kevin Hayes in Predators zone.
4:20 of 3rd period - Icing by Nick Leddy.
4:21 of 3rd period - Paul Stastny wins face-off versus Nicklas Backstrom in Predators zone.
4:49 of 3rd period - Icing by Zdeno Chara.
4:50 of 3rd period - Paul Stastny wins face-off versus Steven Stamkos in Stars zone.
4:50 of 3rd period - Paul Stastny is hit by J.T. Miller.
5:50 of 3rd period - Sidney Crosby is hit by Roman Josi and loses puck.
5:56 of 3rd period - Sidney Crosby is hit by Oscar Klefbom and loses puck.
6:36 of 3rd period - Shot by Tommy Wingels.
6:36 of 3rd period - Stopped by Pekka Rinne without a rebound.
6:37 of 3rd period - Chris Kelly wins face-off versus Sidney Crosby in Predators zone.
6:54 of 3rd period - Victor Hedman is hit by Klas Dahlbeck and loses puck.
7:29 of 3rd period - Shot by Max Pacioretty.
7:29 of 3rd period - Stopped by Jonathan Quick without a rebound.
7:30 of 3rd period - Paul Stastny wins face-off versus Nicklas Backstrom in Stars zone.
7:47 of 3rd period - Shot by Paul Stastny.
7:47 of 3rd period - Shot Misses the Net.
7:53 of 3rd period - Shot by John Klingberg.
7:53 of 3rd period - Shot Blocked by Nick Leddy.
7:55 of 3rd period - Shot by Duncan Keith.
7:55 of 3rd period - Stopped by Pekka Rinne without a rebound.
7:56 of 3rd period - Vladislav Namestnikov wins face-off versus Devin Shore in Predators zone.
9:03 of 3rd period - Shot by Jonathan Huberdeau.
9:03 of 3rd period - Shot Hit the Post.
9:31 of 3rd period - Duncan Keith is hit by Nicklas Backstrom and loses puck.
9:54 of 3rd period - Shot by Jaden Schwartz.
9:54 of 3rd period - Shot Misses the Net.
10:04 of 3rd period - Shot by Nick Leddy.
10:04 of 3rd period - Stopped by Jonathan Quick without a rebound.
10:05 of 3rd period - Sidney Crosby wins face-off versus Vincent Trocheck in Stars zone.
10:10 of 3rd period - Shot by Joel Vermin.
10:10 of 3rd period - Shot Blocked by Vincent Trocheck.
10:12 of 3rd period - Shot by Michael Bournival.
10:12 of 3rd period - Stopped by Pekka Rinne without a rebound.
10:13 of 3rd period - Devin Shore wins face-off versus Vincent Trocheck in Predators zone.
10:19 of 3rd period - John Mitchell is hit by Connor Murphy and loses puck.
10:32 of 3rd period - Shot by Vincent Trocheck.
10:32 of 3rd period - Shot Misses the Net.
10:34 of 3rd period - Shot by Vincent Trocheck.
10:34 of 3rd period - Shot Blocked by Zdeno Chara.
11:09 of 3rd period - Shot by J.T. Miller.
11:09 of 3rd period - Shot Misses the Net.
11:11 of 3rd period - Shot by Steven Stamkos.
11:11 of 3rd period - Stopped by Jonathan Quick with a rebound.
11:23 of 3rd period - Shot by Jaden Schwartz.
11:23 of 3rd period - Shot Blocked by Zdeno Chara.
11:25 of 3rd period - Shot by Jaden Schwartz.
11:25 of 3rd period - Stopped by Jonathan Quick without a rebound.
11:26 of 3rd period - Sidney Crosby wins face-off versus Nicklas Backstrom in Stars zone.
11:40 of 3rd period - Shot by Nicklas Backstrom.
11:40 of 3rd period - Stopped by Jonathan Quick with a rebound.
11:42 of 3rd period - Shot by Nicklas Backstrom.
11:42 of 3rd period - Shot Misses the Net.
11:47 of 3rd period - Icing by Duncan Keith.
11:48 of 3rd period - Sidney Crosby wins face-off versus Steven Stamkos in Stars zone.
12:57 of 3rd period - Minor Penalty to Roman Josi for Hooking.
12:58 of 3rd period - Paul Stastny wins face-off versus Steven Stamkos in Predators zone.
13:03 of 3rd period - Shot by Paul Byron.
13:03 of 3rd period - Shot Misses the Net.
13:05 of 3rd period - Shot by Duncan Keith.
13:05 of 3rd period - Stopped by Pekka Rinne with a rebound.
13:07 of 3rd period - Shot by Paul Byron.
13:07 of 3rd period - Shot Misses the Net.
13:09 of 3rd period - Shot by Duncan Keith.
13:09 of 3rd period - Stopped by Pekka Rinne with a rebound.
13:11 of 3rd period - Shot by Paul Byron.
13:11 of 3rd period - Stopped by Pekka Rinne without a rebound.
13:12 of 3rd period - Steven Stamkos wins face-off versus Paul Stastny in Predators zone.
13:28 of 3rd period - William Nylander is hit by Connor Murphy and loses puck.
13:31 of 3rd period - Shot by John Klingberg.
13:31 of 3rd period - Stopped by Pekka Rinne without a rebound.
13:32 of 3rd period - Steven Stamkos wins face-off versus Sidney Crosby in Predators zone.
14:19 of 3rd period - Shot by Zdeno Chara.
14:19 of 3rd period - Shot Misses the Net.
14:21 of 3rd period - Shot by Zdeno Chara.
14:21 of 3rd period - Shot Misses the Net.
14:27 of 3rd period - Shot by John Klingberg.
14:27 of 3rd period - Stopped by Pekka Rinne without a rebound.
14:28 of 3rd period - Nicklas Backstrom wins face-off versus Sidney Crosby in Predators zone.
14:53 of 3rd period - Shot by Victor Hedman.
14:53 of 3rd period - Stopped by Pekka Rinne without a rebound.
14:54 of 3rd period - Paul Stastny wins face-off versus Steven Stamkos in Predators zone.
16:03 of 3rd period - Shot by Nicklas Backstrom.
16:03 of 3rd period - Deflect By Kevin Hayes.
16:03 of 3rd period - Shot Misses the Net.
16:09 of 3rd period - Shot by Nicklas Backstrom.
16:09 of 3rd period - Shot Misses the Net.
16:27 of 3rd period - Shot by Max Pacioretty.
16:27 of 3rd period - Shot Misses the Net.
17:55 of 3rd period - Icing by Roman Josi.
17:56 of 3rd period - Devin Shore wins face-off versus Chris Kelly in Predators zone.
18:00 of 3rd period - Icing by Vladislav Namestnikov.
18:01 of 3rd period - Devin Shore wins face-off versus Chris Kelly in Predators zone.
18:05 of 3rd period - Devin Shore is hit by Roman Josi.
18:21 of 3rd period - Shot by Roman Josi.
18:21 of 3rd period - Shot Misses the Net.
18:46 of 3rd period - Shot by Max Pacioretty.
18:46 of 3rd period - Deflect By Nicklas Backstrom.
18:46 of 3rd period - Stopped by Jonathan Quick without a rebound.
18:47 of 3rd period - Paul Stastny wins face-off versus Steven Stamkos in Stars zone.
18:51 of 3rd period - Off-side.
18:52 of 3rd period - Nicklas Backstrom wins face-off versus Sidney Crosby in neutral zone.
18:59 of 3rd period - Shot by Max Pacioretty.
18:59 of 3rd period - Shot Hit the Post.
19:01 of 3rd period - Shot by Nicklas Backstrom.
19:01 of 3rd period - Shot Hit the Post.
19:03 of 3rd period - Shot by Connor Murphy.
19:03 of 3rd period - Shot Blocked by Victor Hedman.
Goals for this period are 1 for Stars vs 0 for Predators.
Shots for this period are 12 for Stars vs 9 for Predators.